 Dungeon Crawl Stone Soup version 0.30.1-11-g7821555f0a (webtiles) character file.

Game seed: 13312177487352450905

79205 kalagan the Eclecticist (level 15, -1/72 (76) HPs)
             Began as a Deep Elf Conjurer on Nov 13, 2023.
             Was an Elder of Sif Muna.
             Slain by a +0 glaive of holy wrath (17 damage)
             ... animated by Zenata
             ... on level 2 of the Elven Halls.
             The game lasted 01:06:06 (26938 turns).

kalagan the Eclecticist (Deep Elf Conjurer)        Turns: 26938, Time: 01:06:06

HP:   -1/72 (76)    AC: 17    Str: 11    XL:     15   Next: 20%
MP:   22/36         EV: 14    Int: 27    God:    Sif Muna [****..]
Gold: 423           SH:  0    Dex: 16    Spells: 13/45 levels left

rFire   . . .        T - +7 long sword "Suexeu" {speed, rPois rCorr Str+3 Dex+3}
rCold   + . .        (no shield)
rNeg    + . .        P - +0 troll leather armour
rPois   +            I - +0 helmet
rElec   .            B - scarf {repulsion}
rCorr   +            l - +2 pair of gloves
SInv    .            S - +3 pair of mountain boots {steadfast, rC+}
Will    +....        O - amulet of regeneration
Stlth   +++          J - +4 ring of protection
HPRegen 1.92/turn    H - ring of positive energy
MPRegen 0.25/turn

%: repel missiles
@: channelling, hasted, drained, very quick
A: no striking features
a: Renounce Religion, Channel Magic, Forget Spell, Divine Exegesis


You were on level 2 of the Elven Halls.
You worshipped Sif Muna.
Sif Muna was greatly pleased with you.
You visited 5 branches of the dungeon, and saw 21 of its levels.
You also visited: Ossuary.

You collected 2153 gold pieces.
You spent 1730 gold pieces at shops.

Inventory:

Hand Weapons
 g - a +6 spectral dagger
 x - the +1 war axe "Fudiacir" {drain, Str+3 Int-5 SInv}
   (You found it on level 4 of the Lair of Beasts)

   Str:       It affects your strength (+3).
   Int:       It affects your intelligence (-5).
   SInv:      It lets you see invisible.
 T - the +7 long sword "Suexeu" (weapon) {speed, rPois rCorr Str+3 Dex+3}
   (You took it off a deep elf archer on level 1 of the Elven Halls)

   Str:       It affects your strength (+3).
   Dex:       It affects your dexterity (+3).
   rPois:     It protects you from poison.
   rCorr:     It protects you from acid and corrosion.
Missiles
 n - 3 throwing nets
 o - 10 curare-tipped darts
Armour
 l - a +2 pair of gloves (worn)
 B - a scarf of repulsion (worn)
 E - +0 steam dragon scales
 I - a +0 helmet (worn)
 M - the +2 robe of the Lumpy Heavens {Harm rC++ Will+ Int-4}
   (You found it on level 9 of the Dungeon)

   Int:       It affects your intelligence (-4).
   rC:        It greatly protects you from cold.
   Harm:      It increases damage dealt and taken.
   Will:      It increases your willpower.
 P - a +0 troll leather armour (worn)
 R - a +0 leather armour of poison resistance
 S - the +3 pair of mountain boots (worn) {steadfast, rC+}
   (You bought it in a shop on level 2 of the Orcish Mines)

   Steadfast: It prevents involuntary movement, except for blinking,
   teleportation, or banishment.
   rC:        It protects you from cold.
 U - the +0 leather armour "Boaskeil" {rElec Int+3 Slay+3}
   (You took it off a deep elf archer on level 1 of the Elven Halls)

   Int:       It affects your intelligence (+3).
   Slay:      It affects your accuracy & damage with ranged weapons and melee
   (+3).
   rElec:     It insulates you from electricity.
Magical Staves
 Q - a staff of earth
Jewellery
 A - an amulet of faith
 H - a ring of positive energy (right hand)
 J - a +4 ring of protection (left hand)
 O - an amulet of regeneration (around neck)
Wands
 q - a wand of quicksilver (12)
 y - a wand of roots (14)
 z - a wand of digging (1)
 F - a wand of flame (15)
 K - a wand of mindburst (11)
 N - a wand of charming (25)
Scrolls
 f - 7 scrolls of teleportation
 i - 3 scrolls of fear
 k - a scroll of blinking
 m - 9 scrolls of immolation
 p - a scroll of torment
 s - a scroll of identify
 t - 2 scrolls of fog
 u - 2 scrolls of magic mapping
 L - a scroll of poison
Potions
 a - 4 potions of lignification
 b - 3 potions of magic
 c - 2 potions of might
 d - 11 potions of curing
 e - 5 potions of mutation
 h - 9 potions of heal wounds
 j - 4 potions of brilliance
 r - 6 potions of flight
 w - 5 potions of ambrosia
 G - 3 potions of haste


   Skills:
 - Level 2.0 Fighting
 - Level 2.0 Short Blades
 - Level 3.0 Throwing
 - Level 5.0 Armour
 - Level 5.0 Dodging
 - Level 5.0 Stealth
 * Level 15.8 Spellcasting
 * Level 14.5 Conjurations
 - Level 11.0 Hexes
 - Level 8.0 Translocations
 * Level 8.0 Fire Magic
 - Level 7.0 Ice Magic
 - Level 3.0 Air Magic
 + Level 2.7 Earth Magic
 - Level 6.0 Poison Magic
 + Level 11.4 Invocations
 - Level 2.0 Evocations


You had 13 spell levels left.
You knew the following spells:

 Your Spells              Type           Power      Damage    Failure   Level
a - Magic Dart            Conj           100%       1d8       0%          1
b - Searing Ray           Conj           100%       2d8       0%          2
c - Stone Arrow           Conj/Erth      100%       3d13      1%          3
d - Fulminant Prism       Conj/Hex       37%        3d17      1%          4
e - Iskenderun's Mystic   Conj/Tloc      70%        2d14      1%          4
f - Fireball              Conj/Fire      35%        3d15      1%          5
i - Metabolic Englaciati  Hex/Ice        31%        N/A       1%          5
p - Poisonous Vapours     Pois/Air       90%        N/A       1%          2
v - Olgreb's Toxic Radia  Pois           52%        N/A       2%          4
B - Blink                 Tloc           100%       N/A       1%          2

Your spell library contained the following spells:

 Spells                   Type           Power      Damage    Failure   Level
 Foxfire                  Conj/Fire      100%       2x1d9     1%          1
 Kiss of Death            Conj/Necr      100%       2d13      1%          1
 Sandblast                Erth           72%        2d16      1%          1
 Sting                    Tmut/Pois      100%       1d8       1%          1
 Ensorcelled Hibernation  Hex/Ice        100%       N/A       1%          2
 Lesser Beckoning         Tloc           100%       N/A       1%          2
 Momentum Strike          Conj/Tloc      100%       3d10      1%          2
 Confusing Touch          Hex            69%        N/A       1%          3
 Dazzling Flash           Conj/Hex       100%       N/A       1%          3
 Frozen Ramparts          Ice            100%       1d16      1%          3
 Passwall                 Tmut/Erth      23%        N/A       2%          2
 Spider Form              Tmut/Pois      37%        N/A       2%          3
 Anguish                  Hex/Necr       25%        N/A       3%          4
 Starburst                Conj/Fire      35%        6d10      4%          6
 Ice Form                 Ice/Tmut       40%        N/A       7%          4
 Summon Ice Beast         Ice/Summ       40%        N/A       7%          4
 Conjure Ball Lightning   Conj/Air       31%        3x3d10    13%         6
 Petrify                  Tmut/Erth      28%        N/A       17%         4
 Dispel Undead            Necr           21%        3d11      30%         4
 Plasma Beam              Fire/Air       25%        2x1d41    43%         6
 Discord                  Hex            34%        N/A       91%         8
 Statue Form              Tmut/Erth      18%        N/A       95%         6
 Summon Hydra             Summ           10%        N/A       100%        7
 Disjunction              Tloc           29%        N/A       100%        8
 Chain Lightning          Conj/Air       31%        3d41      100%        9


Dungeon Overview and Level Annotations

Branches:
Dungeon (11/15)            Temple (1/1) D:6            Lair (5/5) D:8
  Swamp (0/4) Lair:2        Snake (0/4) Lair:3        Slime (0/5) Lair:4
    Orc (2/2) D:11            Elf (2/3) Orc:2       Ossuary (visited)

Altars:
Ashenzari
Cheibriados
Dithmenos
Elyvilon
Fedhas
Gozag
Hepliaklqana
Kikubaaqudgha
Makhleb
Nemelex Xobeh
Qazlal
Sif Muna
Uskayaw
Wu Jian
Yredelemnul
Zin
The Shining One
Jiyva

Shops:
D:2 *   Orc:2 [::!   Elf:2 *

Annotations:
D:2 1 runed translucent door, Crazy Yiuf
Lair:4 3 runed translucent doors, Genidapp's ghost, journeyman GnFE; Jazuoj's ghost, journeyman DgCj; Paduqach's ghost, journeyman OpEE
Elf:2 Zenata


Message History

Zenata is heavily wounded.
Zenata is knocked back by the mystic blast.
The mystic blast hits the +0 war axe of electrocution.
The +0 war axe of electrocution is heavily damaged.
The +0 war axe of electrocution is knocked back by the mystic blast.
The +0 war axe of electrocution slams into the rock wall!
The +0 war axe of electrocution is severely damaged.
The mystic blast hits the +3 mace of draining!!
The +3 mace of draining is almost destroyed.
The +3 mace of draining is knocked back by the mystic blast.
Okay, then.
You feel yourself speed up. The +3 mace of draining hits you!
You partially resist.
You feel drained.
The +0 glaive of holy wrath hits you from afar!!
The +3 mace of draining barely misses you.
The +0 war axe of electrocution hits you.
The +0 glaive of holy wrath closely misses you.
The +3 mace of draining hits you!
* * * LOW HITPOINT WARNING * * *
You partially resist.
You feel drained.
* * * LOW HITPOINT WARNING * * *
The +0 war axe of electrocution hits you but does no damage.
You are electrocuted!
* * * LOW HITPOINT WARNING * * *
Okay, then.
The +3 mace of draining hits you but does no damage.
You partially resist.
Unknown command.
Casting: Iskenderun's Mystic Blast (safe; 1% risk of failure)
Confirm with . or Enter, or press ? or * to list all spells.
You erupt in a blast of force!
The mystic blast hits the +0 glaive of holy wrath!
The +0 glaive of holy wrath is severely damaged.
The +0 glaive of holy wrath is knocked back by the mystic blast.
The +0 glaive of holy wrath collides with the +0 war axe of electrocution!
The mystic blast hits the +3 mace of draining!
You destroy the +3 mace of draining!
The +3 mace of draining disappears in a puff of smoke!
The +0 glaive of holy wrath hits you from afar!
You die...

#######.##
##.........## #.#
##.......## #.#
##.....## #.## ##...##
#..#########.##
#.........##+#
#....#'#...#.#
#...##'##..#.#
#..###'###@#.## #..+
+∩')'°°..##### #..#
#'###((......# ....
#'##..#####.##
###...#'#..○# #.#
#.......○# #.#
######'####.#'## ##'##
#..(...a.......###...#
+..(............#....#


You could see 2 dancing weapons.

Vanquished Creatures
  3 deep elf sorcerers (Elf:1)
  A deep elf demonologist (Elf:2)
  Josephine (D:11)
  5 hydras
  3 catoblepae (Lair:5)
  Erica (D:9)
  2 two-headed ogres
  5 dancing weapons (Elf:1)
  10 death yaks
  5 orc high priests
  Urug (Lair:5)
  4 deep elf knights (Elf:1)
  Sonja (Lair:4)
  3 skysharks
  4 orc knights (Orc:2)
  7 deep elf archers
  16 deep elf zephyrmancers
  16 deep elf pyromancers
  A salamander (shapeshifter) (Elf:1)
  4 orc sorcerers (Orc:2)
  An ugly thing (D:11)
  2 cyclopes
  3 elephants (Lair:5)
  3 manticores
  A black mamba (Lair:4)
  Joseph (D:7)
  A gargoyle (D:11)
  10 cane toads
  Psyche (D:11)
  5 komodo dragons
  6 trolls
  A polar bear (Lair:4)
  4 wyverns
  6 wraiths (D:11)
  A vampire (D:11)
  2 shadows
  42 yaks
  4 basilisks
  A warg (Orc:2)
  5 steam dragons
  8 vampire mosquitoes
  A naga (Lair:3)
  3 acid dragons
  13 water moccasins
  2 sky beasts
  27 orc warriors
  An ice beast (D:7)
  3 black bears
  3 wolves (Lair:1)
  11 ogres
  2 centaurs
  A phantom (D:4)
  7 kobold brigands
  4 gnoll sergeants
  11 scorpions
  10 bullfrogs
  An earth elemental (Elf:1)
  11 wights
  11 killer bees
  5 howler monkeys
  3 centaur zombies (Ossuary)
  4 hounds
  2 human zombies (Ossuary)
  7 jellies
  12 orc priests
  Natasha (thrice) (D:3)
  3 sleepcaps (D:6)
  4 iguanas
  4 scorpion zombies (Ossuary)
  19 orc wizards
  3 mummies (Ossuary)
  22 gnolls
  6 adders
  2 shadow imps
  3 worms
  3 dart slugs
  57 orcs
  3 ball pythons
  8 endoplasms
  4 giant cockroaches
  10 hobgoblins
  23 kobolds
  2 quokkas
  8 bats
  A frilled lizard (D:1)
  8 goblins
  2 goblin zombies (Ossuary)
  A hobgoblin zombie (Ossuary)
  5 kobold zombies (Ossuary)
  3 orc zombies (Ossuary)
  8 rats
571 creatures vanquished.

Vanquished Creatures (others)
  An orc wizard (Orc:2)
  261 fulminant prisms
  A spectral weapon (D:8)
263 creatures vanquished.

Grand Total: 834 creatures vanquished

Notes
Turn   | Place    | Note
-------+----------+-------------------------------------------
     0 | D:1      | kalagan the Deep Elf Conjurer began the quest for the Orb.
     0 | D:1      | Reached XP level 1. HP: 10/10 MP: 6/6
   167 | D:1      | Reached skill level 1 in Hexes
   225 | D:1      | Reached XP level 2. HP: 15/15 MP: 5/8
   228 | D:1      | Learned a level 2 spell: Searing Ray
   695 | D:1      | Reached XP level 3. HP: 19/19 MP: 8/10
   935 | D:2      | Found Ilonkej's Assorted Antiques.
  1015 | D:2      | Bought a scroll labelled ZYAJOT NOB for 26 gold pieces
  1015 | D:2      | Bought a gluggy clear potion for 23 gold pieces
  1044 | D:2      | Found a burning altar of Makhleb.
  1132 | D:2      | Reached skill level 4 in Spellcasting
  1214 | D:2      | Reached skill level 5 in Conjurations
  1271 | D:2      | Reached XP level 4. HP: 24/24 MP: 1/12
  1515 | D:2      | Identified the +2 hammer "Afiliett" {heavy, rN+}
  1906 | D:2      | Found a runed translucent door.
  1907 | D:2      | Noticed Crazy Yiuf
  2242 | D:3      | Noticed Natasha
  2246 | D:3      | Killed Natasha
  2247 | D:3      | Reached XP level 5. HP: 28/28 MP: 7/14
  2254 | D:3      | Noticed Natasha
  2262 | D:3      | Killed Natasha
  2394 | D:3      | Learned a level 2 spell: Blink
  2399 | D:3      | Learned a level 4 spell: Fulminant Prism
  2437 | D:3      | Reached skill level 5 in Spellcasting
  2531 | D:3      | Found a shadowy altar of Dithmenos.
  2624 | D:3      | Noticed Natasha
  2629 | D:3      | Killed Natasha
  2961 | D:3      | Found a glowing golden altar of the Shining One.
  3643 | D:2      | Bought a white potion for 23 gold pieces
  3643 | D:2      | Bought a pink potion for 23 gold pieces
  3643 | D:2      | Bought a sedimented grey potion for 23 gold pieces
  3643 | D:2      | Bought a pink potion for 23 gold pieces
  3693 | D:4      | Reached XP level 6. HP: 32/32 MP: 12/16
  4010 | D:4      | Reached skill level 6 in Spellcasting
  4010 | D:4      | Reached skill level 5 in Hexes
  4251 | D:4      | Reached XP level 7. HP: 33/36 MP: 10/18
  4662 | D:5      | Entered Level 5 of the Dungeon
  4793 | D:2      | Bought a yellow potion for 23 gold pieces
  5063 | D:5      | Reached skill level 7 in Spellcasting
  5063 | D:5      | Reached skill level 1 in Translocations
  5280 | D:5      | Found a hazy altar of Hepliaklqana.
  5287 | D:5      | Reached XP level 8. HP: 41/41 MP: 16/21
  5292 | D:5      | Learned a level 4 spell: Iskenderun's Mystic Blast
  5812 | D:6      | Found a staircase to the Ecumenical Temple.
  6086 | D:6      | Reached skill level 8 in Spellcasting
  6440 | Temple   | Entered the Ecumenical Temple
  6461 | Temple   | Became a worshipper of Sif Muna the Loreminder
  6564 | D:6      | Reached skill level 1 in Invocations
  7361 | D:7      | Reached XP level 9. HP: 22/45 MP: 11/23
  7639 | D:7      | Found a blossoming altar of Fedhas.
  7685 | D:7      | Reached skill level 1 in Throwing
  7696 | D:7      | Reached skill level 1 in Evocations
  7757 | D:7      | Noticed Joseph
  7960 | D:7      | Killed Joseph
  7961 | D:7      | Reached skill level 1 in Short Blades
  7961 | D:7      | Reached skill level 9 in Spellcasting
  8169 | D:7      | Learned a level 2 spell: Poisonous Vapours
  8187 | D:8      | Reached * piety under Sif Muna
  8188 | D:8      | Reached skill level 1 in Fighting
  8233 | D:8      | Found a sand-covered staircase.
  8238 | Ossuary  | Entered an ossuary
  8261 | Ossuary  | Reached skill level 1 in Poison Magic
  8408 | Ossuary  | Reached skill level 5 in Translocations
  8840 | Ossuary  | Reached ** piety under Sif Muna
  9086 | Ossuary  | Learned a level 5 spell: Metabolic Englaciation
  9165 | D:8      | Reached XP level 10. HP: 52/52 MP: 16/25
  9214 | D:8      | Reached skill level 1 in Air Magic
  9381 | D:8      | Noticed a cyclops
  9394 | D:8      | Killed a cyclops
  9506 | D:8      | Noticed a two-headed ogre
  9531 | D:8      | Killed a two-headed ogre
  9532 | D:8      | Reached skill level 1 in Ice Magic
  9535 | D:8      | Reached skill level 10 in Spellcasting
  9677 | D:8      | Reached skill level 5 in Invocations
  9856 | D:8      | Reached skill level 5 in Stealth
 10303 | D:8      | Noticed a death yak
 10303 | D:8      | Noticed a death yak
 10305 | D:8      | Noticed a death yak
 10309 | D:8      | Killed a death yak
 10309 | D:8      | Killed a death yak
 10310 | D:8      | Reached XP level 11. HP: 57/57 MP: 15/27
 10317 | D:8      | Killed a death yak
 10318 | D:8      | Reached skill level 5 in Dodging
 10497 | D:8      | Found a staircase to the Lair.
 11038 | D:8      | Reached *** piety under Sif Muna
 11071 | D:9      | Reached skill level 11 in Spellcasting
 11081 | D:9      | Reached skill level 10 in Conjurations
 11081 | D:9      | Noticed Erica
 11095 | D:9      | Killed Erica
 11485 | D:9      | Identified the +2 robe of the Lumpy Heavens {Harm rC++
                  | Will+ Int-4}
 12100 | D:10     | Entered Level 10 of the Dungeon
 12135 | Lair:1   | Entered Level 1 of the Lair of Beasts
 12507 | Lair:1   | Found a white marble altar of Elyvilon.
 12529 | Lair:1   | Reached skill level 1 in Armour
 13394 | Lair:2   | Noticed a four-headed hydra
 13410 | Lair:2   | Killed a four-headed hydra
 13454 | Lair:2   | Noticed a five-headed hydra
 13485 | Lair:2   | Killed a five-headed hydra
 13645 | Lair:2   | Found a staircase to the Swamp.
 13677 | Lair:2   | Reached XP level 12. HP: 62/62 MP: 21/29
 13819 | Lair:2   | Noticed a six-headed hydra
 13830 | Lair:2   | Killed a six-headed hydra
 13983 | Lair:2   | Reached skill level 12 in Spellcasting
 14231 | Lair:2   | Learned a level 4 spell: Olgreb's Toxic Radiance
 14614 | Lair:3   | Found a staircase to the Snake Pit.
 14808 | Lair:3   | Identified the +5 lajatang of Obsession {heavy, +Blink rC+
                  | Dex+2}
 14886 | Lair:3   | Identified the +4 flail of Doubt {freeze, Dex+4}
 15263 | Lair:4   | Reached skill level 5 in Ice Magic
 15433 | Lair:4   | Found a staircase to the Slime Pits.
 15433 | Lair:4   | Found a viscous altar of Jiyva.
 15445 | Lair:4   | Found a runed translucent gate.
 15445 | Lair:4   | Found a runed translucent gate.
 15455 | Lair:4   | Found a runed translucent gate.
 15467 | Lair:4   | Noticed Jazuoj's ghost (journeyman DgCj)
 15470 | Lair:4   | Noticed Genidapp's ghost (journeyman GnFE)
 15471 | Lair:4   | Noticed Paduqach's ghost (journeyman OpEE)
 15881 | Lair:4   | Noticed Sonja
 15887 | Lair:4   | Killed Sonja
 16105 | Lair:4   | You fall into a shaft and drop 1 floor!
 16105 | Lair:5   | Entered Level 5 of the Lair of Beasts
 16111 | Lair:5   | Noticed Urug
 16113 | Lair:5   | Noticed a seven-headed hydra
 16136 | Lair:5   | Noticed a six-headed hydra
 16151 | Lair:5   | Killed a six-headed hydra
 16152 | Lair:5   | Reached skill level 13 in Spellcasting
 16250 | Lair:5   | Killed Urug
 16275 | Lair:5   | Killed a seven-headed hydra
 16819 | Lair:4   | Reached XP level 13. HP: 66/66 MP: 23/32
 16945 | Lair:4   | Identified the +1 war axe "Fudiacir" {drain, Str+3 Int-5
                  | SInv}
 18329 | Lair:5   | Reached skill level 10 in Hexes
 18332 | Lair:5   | Reached skill level 5 in Poison Magic
 19085 | Lair:5   | Learned a level 5 spell: Fireball
 19399 | D:10     | Found a large runed translucent door.
 19400 | D:10     | Found a large runed translucent door.
 19438 | D:10     | Reached **** piety under Sif Muna
 19597 | D:10     | Reached skill level 1 in Fire Magic
 19600 | D:10     | Reached skill level 14 in Spellcasting
 20095 | D:10     | Found an opulent altar of Gozag.
 20098 | D:10     | Found an ornate altar of the Wu Jian Council.
 20262 | D:11     | Noticed Psyche
 20273 | D:11     | Killed Psyche
 20274 | D:11     | Reached skill level 10 in Invocations
 20399 | D:11     | Noticed Josephine
 20415 | D:11     | Killed Josephine
 20531 | D:11     | Found a staircase to the Orcish Mines.
 21201 | Orc:1    | Entered Level 1 of the Orcish Mines
 21595 | Orc:1    | Reached XP level 14. HP: 72/72 MP: 24/34
 21777 | Orc:1    | Reached ***** piety under Sif Muna
 21886 | Orc:2    | Entered Level 2 of the Orcish Mines
 22039 | Orc:2    | Received a gift from Sif Muna
 22331 | Orc:2    | Found a staircase to the Elven Halls.
 22649 | Orc:2    | Found Hygud's Distillery.
 22649 | Orc:2    | Found Isipenie's Antique Armour Emporium.
 22650 | Orc:2    | Found Sidwona's Book Shop.
 22650 | Orc:2    | Found Irezem's Book Shop.
 22688 | Orc:2    | Bought the +3 pair of mountain boots {steadfast, rC+} for
                  | 804 gold pieces
 22688 | Orc:2    | Found the +3 pair of mountain boots {steadfast, rC+}
 22688 | Orc:2    | Bought a steaming robe for 136 gold pieces
 22688 | Orc:2    | Identified the +0 robe of the Leaf {Str+2} (You bought it
                  | in a shop on level 2 of the Orcish Mines)
 22698 | Orc:2    | Bought a book of Geomancy for 288 gold pieces
 22704 | Orc:2    | Learned a level 3 spell: Stone Arrow
 22712 | Orc:2    | Bought a potion of curing for 39 gold pieces
 22712 | Orc:2    | Bought a potion of curing for 39 gold pieces
 22712 | Orc:2    | Bought a potion of heal wounds for 65 gold pieces
 22712 | Orc:2    | Bought a potion of heal wounds for 65 gold pieces
 22712 | Orc:2    | Bought a potion of heal wounds for 65 gold pieces
 22712 | Orc:2    | Bought a potion of heal wounds for 65 gold pieces
 22991 | Orc:2    | Found a shimmering blue altar of Sif Muna.
 23213 | Elf:1    | Entered Level 1 of the Elven Halls
 23218 | Elf:1    | Noticed a deep elf sorcerer
 23218 | Elf:1    | Noticed a deep elf sorcerer
 23245 | Elf:1    | Killed a deep elf sorcerer
 23246 | Elf:1    | Reached skill level 5 in Fire Magic
 23424 | Elf:1    | Reached skill level 5 in Armour
 23568 | Elf:1    | Reached skill level 15 in Spellcasting
 23646 | Elf:1    | Identified the +7 long sword "Suexeu" {speed, rPois rCorr
                  | Str+3 Dex+3}
 23646 | Elf:1    | Identified the +0 leather armour "Boaskeil" {rElec Int+3
                  | Slay+3}
 23788 | Elf:1    | Noticed a deep elf sorcerer
 23792 | Elf:1    | Killed a deep elf sorcerer
 24257 | Elf:1    | Reached skill level 1 in Earth Magic
 24488 | Elf:1    | Killed a deep elf sorcerer
 24885 | Elf:1    | Reached XP level 15. HP: 76/76 MP: 25/36
 25578 | Elf:1    | Got the Compendium of Congregated Battle Magic
 26510 | Elf:2    | Noticed Zenata
 26898 | Elf:2    | Found Xipunadi's General Store.
 26938 | Elf:2    | Slain by a +0 glaive of holy wrath

Illustrated notes

Levels and vault maps discovered:
D:1:      dpeg_arrival_rooms_b, layout_basic, kennysheep_decorative_pillar
D:2:      layout_basic, basic_altar, serial_shops, shop, uniq_crazy_yiuf_cottage
D:3:      layout_loops_ring, mainiacjoe_overflow_tiny_flanked,
          lemuel_doored_altar, grunt_decor_clamped, uniq_natasha
D:4:      layout_cave_pools, serial_bayou_pond_d
D:5:      layout_cave_pods, old_standard_altar
D:6:      layout_loops_ring, minmay_temple_entry_large_hall
D:7:      layout_basic, mainiacjoe_overflow_24_doors, minivault_24,
          kennysheep_generic_room_4, uniq_joseph
D:8:      nzn_winding_woodlands_three_and_one
          [nzn_winding_woodlands_5x15_pockets,
          nzn_winding_woodlands_5x15_parted, nzn_winding_woodlands_5x15_zeroes,
          nzn_winding_woodlands_center_garden], layout_gridville,
          dpeg_lair_monsters, nicolae_ossuary_entry_plus
D:9:      layout_small_grid, chequers_decorated_corner, uniq_erica
D:10:     layout_roguey, jmf_multi_god_temple2
D:11:     layout_basic, kennysheep_orc_monster_closet_entryway, uniq_psyche,
          uniq_josephine
Temple:   eino_temple_scatter_basement
Lair:1:   layout_chaotic_city, basic_altar
Lair:2:   layout_big_grid, minmay_swamp_entry_swarm, amcnicky_mini_pool_medium
Lair:3:   layout_roguey, guppyfry_snake_entry_island, ldierk_geyser,
          minmay_hedge_maze, grunt_megastairs_5, lemuel_fruit_tree
Lair:4:   layout_big_grid, nicolae_slime_entry_slimehenge,
          gammafunk_ghost_cemetery, grunt_megastairs_3, uniq_sonja
Lair:5:   evilmike_catoblepas_cave, layout_regular_city, uniq_urug
Orc:1:    layout_caves, nicolae_orc_lost_temple
Orc:2:    st_orc_elflike, layout_diamond_mine, kennysheep_orc_sif_temple
Elf:1:    eino_elf_arrival_the_gate, layout_geoelf_grid, minmay_elf_sorcery,
          minmay_checkered_concentric_circles
Elf:2:    nicolae_elf_blades_splatter_lattice [nicolae_blade_entry_antechamber],
          layout_gridlike, serial_shops, shop, shop,
          nicolae_shop_real_fake_doors, uniq_zenata

Skill      XL: |  1  2  3  4  5  6  7  8  9 10 11 12 13 14 15 |
---------------+----------------------------------------------+-----
Hexes          | 1 2 3 4 5 6 7 8 9 11 | 11.0
Spellcasting   | 4 5 6 7 8 9 10 11 13 14 15 | 15.8
Conjurations   | 5 6 7 8 9 10 11 12 14 | 14.5
Translocations | 2 4 5 6 8 |  8.0
Invocations    | 2 3 5 7 9 10 11 | 11.4
Stealth        | 3 4 5 |  5.0
Dodging        | 3 4 5 |  5.0
Throwing       | 2 3 |  3.0
Evocations     | 1 2 |  2.0
Short Blades   | 1 2 |  2.0
Fighting       | 1 2 |  2.0
Poison Magic   | 1 2 3 4 5 6 |  6.0
Air Magic      | 2 3 |  3.0
Ice Magic      | 2 4 6 7 |  7.0
Armour         | 1 2 3 5 |  5.0
Fire Magic     | 3 7 8 |  8.0
Earth Magic    | 1 2 |  2.7

Action                     |  1- 3 |  4- 6 |  7- 9 | 10-12 | 13-15 || total
---------------------------+-------+-------+-------+-------+-------++-------
  Melee: Dagger            |       |     1 |    66 |   149 |    73 ||   289
         Punch             |       |       |     1 |     1 |       ||     2
         Long sword        |       |       |       |       |     7 ||     7
  Throw: Dart              |       |       |       |     1 |     6 ||     7
   Cast: Magic Dart        |    72 |    29 |     6 |       |       ||   107
         Searing Ray       |     1 |    42 |    16 |     7 |    10 ||    76
         Fulminant Prism   |       |       |    66 |   111 |    84 ||   261
         Iskenderun's Myst |       |       |    11 |    73 |    94 ||   178
         Poisonous Vapours |       |       |       |   108 |     9 ||   117
         Olgreb's Toxic Ra |       |       |       |     8 |    59 ||    67
         Metabolic Englaci |       |       |       |     5 |    42 ||    47
         Blink             |       |       |       |       |     2 ||     2
         Fireball          |       |       |       |       |    92 ||    92
         Stone Arrow       |       |       |       |       |     6 ||     6
 Invoke: Channel Magic     |       |       |       |    13 |    20 ||    33
  Evoke: Wand              |       |       |     2 |     2 |     6 ||    10
    Use: Scroll            |       |     2 |    24 |    15 |     7 ||    48
         Potion            |       |       |     3 |     2 |     4 ||     9
   Stab: Distracted        |       |       |     1 |       |     2 ||     3
         Sleeping          |       |       |       |     1 |     2 ||     3
 Armour: Robe              |     3 |     3 |    24 |     4 |       ||    34
         Steam dragon scal |       |       |       |    65 |    11 ||    76
         Troll leather arm |       |       |       |       |    25 ||    25
  Dodge: Dodged            |     2 |    12 |    65 |   136 |    80 ||   295
         Repelled          |       |       |       |       |     4 ||     4
